 Dungeon Crawl Stone Soup version 0.29-a0-870-g2c972031a6 (webtiles) character file.

Game seed: 7123666387962123268

88 lesbiats the Conjurer (level 4, -3/32 HPs)
             Began as a Gnoll Conjurer on July 17, 2022.
             Was an Initiate of Ashenzari.
             Killed by divine providence
             ... invoked by an orc priest
              (9 damage)
             ... on level 3 of the Dungeon.
             The game lasted 00:10:48 (2527 turns).

lesbiats the Conjurer (Gnoll Conjurer)              Turns: 2527, Time: 00:10:49

Health: -3/32      AC:  8    Str:  7    XL:     4   Next: 54%
Magic:  6/11       EV: 12    Int: 19    God:    Ashenzari [......]
Gold:   43         SH:  0    Dex: 10    Spells: 10/13 levels left

rFire   . . .      SeeInvis .   h - +0 hand axe
rCold   . . .      Faith    .   (no shield)
rNeg    . . .      Spirit   .   o - +0 leather armour
rPois   .          Reflect  .   (no helmet)
rElec   .          Harm     .   (no cloak)
rCorr   .          Rampage  .   (no gloves)
Will    .....                   g - +0 pair of boots
Stlth   ++........              (no amulet)
HPRegen 0.10/turn               f - +4 ring of protection
MPRegen 0.12/turn               (no ring)

@: no status effects
A: fangs 1, strong nose, distributed training, screaming 1
a: Renounce Religion


You were on level 3 of the Dungeon.
You worshipped Ashenzari.
Ashenzari was noncommittal.
You visited 1 branch of the dungeon, and saw 3 of its levels.

You collected 43 gold pieces.

Inventory:

Hand Weapons
 h - a +0 hand axe (weapon)
Missiles
 l - 6 poisoned darts
Armour
 g - a +0 pair of boots (worn)
 k - a +0 ring mail of cold resistance
 o - a +0 leather armour (worn)
Magical Staves
 c - a staff of air
Jewellery
 f - a +4 ring of protection (left hand)
 p - an amulet of guardian spirit
Wands
 a - a wand of mindburst (12)
Scrolls
 e - 3 scrolls of teleportation
 j - a scroll of torment
 m - a scroll of vulnerability {unknown}
 n - a scroll of brand weapon {unknown}
Potions
 b - a potion of magic
 d - a potion of attraction
 i - a potion of brilliance


   Skills:
 + Level 1.2 Fighting
 + Level 1.2 Short Blades
 + Level 1.2 Long Blades
 + Level 1.2 Axes
 + Level 1.2 Maces & Flails
 + Level 1.2 Polearms
 + Level 1.2 Staves
 + Level 1.2 Ranged Weapons
 + Level 1.2 Throwing
 + Level 1.2 Armour
 + Level 4.7 Dodging
 + Level 4.3 Stealth
 + Level 1.2 Shields
 + Level 1.2 Unarmed Combat
 + Level 5.1 Spellcasting
 + Level 7.1 Conjurations
 + Level 1.0 Hexes
 + Level 1.0 Summonings
 + Level 1.0 Necromancy
 + Level 1.0 Translocations
 + Level 1.0 Transmutations
 + Level 1.0 Fire Magic
 + Level 1.0 Ice Magic
 + Level 1.0 Air Magic
 + Level 1.0 Earth Magic
 + Level 1.0 Poison Magic
 + Level 1.3 Invocations
 + Level 1.2 Evocations


You had 10 spell levels left.
You knew the following spells:

 Your Spells              Type           Power      Damage    Failure   Level
a - Magic Dart            Conj           100%       1d8       1%          1
b - Searing Ray           Conj           64%        2d6       1%          2

Your spell library contained the following spells:

 Spells                   Type           Power      Damage    Failure   Level
 Dazzling Flash           Conj/Hex       40%        N/A       10%         3
 Fulminant Prism          Conj/Hex       10%        3d9       32%         4
 Iskenderun's Mystic Bla  Conj/Tloc      20%        2d6       32%         4
 Conjure Ball Lightning   Conj/Air       10%        3x3d6     99%         6
 Discord                  Hex            4%         N/A       100%        8
 Disjunction              Tloc           4%         N/A       100%        8


Dungeon Overview and Level Annotations

Branches:
Dungeon (3/15)

Altars:
Ashenzari
Cheibriados
Dithmenos
Kikubaaqudgha
Makhleb
Trog
Uskayaw
Wu Jian
Xom


Innate Abilities, Weirdness & Mutations

You have very sharp teeth.
Your uncanny sense of smell can sniff out nearby items.
Your experience applies equally to all skills.
You occasionally shout uncontrollably at your foes.


Message History

The magic dart hits the orc but does no damage.
The orc shouts!
An orc comes into view. It is wielding a +0 war axe.
Aiming: Magic Dart (safe; 1% risk of failure)
Press: ? - help, Q - select action, (/) - cycle Shift-Dir - straight line, f/p - orc
Aim: an orc, wielding a +1 mace of protection and wearing a +0 leather armour (100% to hit)
Okay, then.
An orc priest comes into view. It is wielding a +0 hand axe.
The orc misses you.
An orc comes into view. It is wielding a +0 short sword.
The orc hits you with a +1 mace of protection.
The orc priest hits you but does no damage.
You closely miss the orc priest.
You bite the orc priest, but do no damage.
You hit the orc.
The orc hits you with a +1 mace of protection.
The orc priest barely misses you.
The orc hits you with a +1 mace of protection.
The orc priest calls upon Beogh to heal the orc.
The orc's wounds heal themselves!
Aiming: Magic Dart (safe; 1% risk of failure)
Press: ? - help, Q - select action, (/) - cycle Shift-Dir - straight line, f - orc priest, p - orc
Aim: an orc priest, wielding a +0 hand axe (100% to hit)
The magic dart hits the orc priest.
The orc priest is moderately wounded.
The orc barely misses you. The orc priest barely misses you.
The orc priest attacks as you move away!
The orc priest hits you but does no damage.
The orc priest mumbles some strange prayers to Beogh against you.
Beogh smites you!
* * * LOW HITPOINT WARNING * * *
Aiming: Magic Dart (safe; 1% risk of failure)
Press: ? - help, Q - select action, (/) - cycle Shift-Dir - straight line, f/p - orc priest
Aim: an orc priest, wielding a +0 hand axe (moderately wounded, 100% to hit)
The magic dart hits the orc priest!
The orc priest is almost dead.
The orc hits you but does no damage.
The orc priest invokes the aid of Beogh against you.
Beogh smites you!
You die...

...#... ...... .. .......
.........# .# ##..#.
.........###.# # #..†..
.............#.# ####.....
...........o.#.## ......#.#.
................##.# ###....
#...†...o....#.#..###....#.
#.....o@.............##.
####..)..............#.###.
........................###.
.####.......)...............
#...........#...........
#............###..[.....
#(........##.# #........
#..........##.###........
#.........###..##........


You could see an orc priest and 2 orcs.

Vanquished Creatures
  4 adders (D:2)
  A gnoll (D:2)
  A dart slug (D:2)
  5 orcs (D:3)
  2 endoplasms
  A giant cockroach (D:2)
  3 hobgoblins
  A quokka (D:1)
  3 ball pythons
  4 bats
  2 frilled lizards (D:2)
  5 goblins
  2 kobolds (D:1)
  4 rats (D:1)
38 creatures vanquished.

Notes
Turn   | Place    | Note
-------+----------+-------------------------------------------
     0 | D:1      | lesbiats the Gnoll Conjurer began the quest for the Orb.
     0 | D:1      | Reached XP level 1. HP: 13/13 MP: 6/6
   381 | D:1      | Found a faded altar of an unknown god.
   470 | D:1      | Reached XP level 2. HP: 19/19 MP: 5/7
   473 | D:1      | Learned a level 2 spell: Searing Ray
  1323 | D:2      | Reached skill level 5 in Spellcasting
  1323 | D:2      | Reached XP level 3. HP: 15/25 MP: 4/9
  1327 | D:2      | Reached skill level 1 in Invocations
  1544 | D:2      | Reached skill level 1 in Fighting
  1544 | D:2      | Reached skill level 1 in Short Blades
  1544 | D:2      | Reached skill level 1 in Long Blades
  1544 | D:2      | Reached skill level 1 in Axes
  1544 | D:2      | Reached skill level 1 in Maces & Flails
  1544 | D:2      | Reached skill level 1 in Polearms
  1544 | D:2      | Reached skill level 1 in Staves
  1544 | D:2      | Reached skill level 1 in Ranged Weapons
  1544 | D:2      | Reached skill level 1 in Throwing
  1544 | D:2      | Reached skill level 1 in Armour
  1544 | D:2      | Reached skill level 1 in Shields
  1544 | D:2      | Reached skill level 1 in Unarmed Combat
  1544 | D:2      | Reached skill level 1 in Evocations
  1749 | D:2      | Reached XP level 4. HP: 32/32 MP: 8/11
  2141 | D:2      | Gained mutation: You occasionally shout uncontrollably at
                  | your foes. [potion of mutation]
  2209 | D:3      | Found a broken altar of Ashenzari.
  2224 | D:3      | Found a snail-covered altar of Cheibriados.
  2234 | D:3      | Found a shadowy altar of Dithmenos.
  2237 | D:3      | Became a worshipper of Ashenzari the Shackled
  2240 | D:3      | Found a bloodstained altar of Trog.
  2241 | D:3      | Found an ancient bone altar of Kikubaaqudgha.
  2242 | D:3      | Found an ornate altar of the Wu Jian Council.
  2243 | D:3      | Found a burning altar of Makhleb.
  2244 | D:3      | Found a hide-covered altar of Uskayaw.
  2245 | D:3      | Found a shimmering altar of Xom.
  2331 | D:3      | Reached skill level 1 in Hexes
  2331 | D:3      | Reached skill level 1 in Summonings
  2331 | D:3      | Reached skill level 1 in Necromancy
  2331 | D:3      | Reached skill level 1 in Translocations
  2331 | D:3      | Reached skill level 1 in Transmutations
  2331 | D:3      | Reached skill level 1 in Fire Magic
  2331 | D:3      | Reached skill level 1 in Ice Magic
  2331 | D:3      | Reached skill level 1 in Air Magic
  2331 | D:3      | Reached skill level 1 in Earth Magic
  2331 | D:3      | Reached skill level 1 in Poison Magic
  2527 | D:3      | Killed from afar by an orc priest

Illustrated notes

Levels and vault maps discovered:
D:1:      minmay_arrival_split_and_join, layout_basic,
          chequers_ecumenical_altar_grove, st_stairs_2
D:2:      layout_basic, minmay_pentomino_q4
D:3:      layout_rooms, minitemple, yredelemnul_altar_generic, uniq_grinder

Skill      XL: |  1  2  3  4 |
---------------+-------------+-----
Spellcasting   | 5 |  5.1
Invocations    | 1 |  1.3
Fighting       | 1 |  1.2
Short Blades   | 1 |  1.2
Long Blades    | 1 |  1.2
Axes           | 1 |  1.2
Maces & Flails | 1 |  1.2
Polearms       | 1 |  1.2
Staves         | 1 |  1.2
Ranged Weapons | 1 |  1.2
Throwing       | 1 |  1.2
Armour         | 1 |  1.2
Shields        | 1 |  1.2
Unarmed Combat | 1 |  1.2
Evocations     | 1 |  1.2
Hexes          | 1 |  1.0
Summonings     | 1 |  1.0
Necromancy     | 1 |  1.0
Translocations | 1 |  1.0
Transmutations | 1 |  1.0
Fire Magic     | 1 |  1.0
Ice Magic      | 1 |  1.0
Air Magic      | 1 |  1.0
Earth Magic    | 1 |  1.0
Poison Magic   | 1 |  1.0
Dodging        | |  4.7
Stealth        | |  4.3
Conjurations   | |  7.1

Action                   |  1- 3 |  4- 6 || total
-------------------------+-------+-------++-------
Melee: Unarmed           |     4 |       ||     4
       Whip              |     1 |       ||     1
       Hand axe          |    11 |    17 ||    28
       Bite              |       |     1 ||     1
 Cast: Magic Dart        |    24 |    32 ||    56
       Searing Ray       |     3 |       ||     3
  Use: Scroll            |     2 |     3 ||     5
       Potion            |       |     1 ||     1
Armor: Robe              |    11 |       ||    11
       Leather armour    |       |     9 ||     9
Dodge: Dodged            |    30 |    16 ||    46

Table legend: (Time is in decaauts)
 A = Elapsed time spent in this place.
 B = Non-inter-level travel time spent in this place.
 C = Inter-level travel time spent in this place.
 D = Time resting spent in this place.
 E = Time spent auto-exploring this place.
 F = Levels seen in this place.
 G = Mean time per level.
                   A        B        C        D        E       F      G
               +--------+--------+--------+--------+--------+-----+--------+
         Total |   2532 |   2320 |    212 |    503 |   1460 |   3 |  844.0 |
       Dungeon |   2532 |   2320 |    212 |    503 |   1460 |   3 |  844.0 |
               +--------+--------+--------+--------+--------+-----+--------+

Top non-repeatable levels by time:
     D:1: 1270 daAuts
     D:2: 939 daAuts
     D:3: 321 daAuts
